 Dungeon Crawl Stone Soup version 0.25-a0-774-g40ae2d4f90 (webtiles) character file.

Game seed: 4049454098979175576, levelgen mode: classic

395 EnegeticOcto the Sneak (level 6, 55/57 HPs)
             Began as a Deep Dwarf Fighter on Apr 14, 2020.
             Quit the game on level 6 of the Dungeon.
             The game lasted 00:03:01 (499 turns).

EnegeticOcto the Sneak (Deep Dwarf Fighter)          Turns: 499, Time: 00:03:02

Health: 55/57      AC:  8    Str: 22    XL:     6   Next: 52%
Magic:  3/3        EV:  7    Int:  8    God:
Gold:   35         SH:  9    Dex: 12    Spells: 5/5 levels left

rFire    . . .     SeeInvis .   a - +0 war axe
rCold    . . .     Gourm    .   c - +0 kite shield
rNeg     . . .     Faith    .   b - +0 scale mail
rPois    .         Spirit   .   (no helmet)
rElec    .         Reflect  .   (no cloak)
rCorr    .         Harm     .   i - +0 pair of gloves
MR       .....                  (no boots)
Stlth    +.........             f - amulet of the acrobat
HPRegen  0.00/turn              (no ring)
MPRegen  0.08/turn              (no ring)

@: non-regenerating
A: damage resistance, heal wounds, sense surroundings 1, no regeneration
a: Heal Wounds


You were on level 6 of the Dungeon.
You were not hungry.

You visited 1 branch of the dungeon, and saw 6 of its levels.

You collected 35 gold pieces.

Inventory:

Hand Weapons
 a - a +0 war axe (weapon)
 g - a +2 vampiric short sword
Armour
 b - a +0 scale mail (worn)
 c - a +0 kite shield (worn)
 i - a +0 pair of gloves (worn)
Jewellery
 f - an amulet of the acrobat (around neck)
Scrolls
 l - 3 scrolls of teleportation {@r3 !r}
Potions
 d - a potion of might {@q3 !q}
 h - a potion of mutation {unknown}
 j - a potion of flight {unknown}
 m - a potion of cancellation {unknown}
Comestibles
 e - 2 rations


   Skills:
 + Level 4.2 Fighting
 + Level 3.0 Short Blades
 - Level 3.3 Axes
 - Level 3.2 Armour
 + Level 4.6 Stealth
 - Level 3.2 Shields


You had 5 spell levels left.
You didn't know any spells.
Your spell library was empty.

Dungeon Overview and Level Annotations

Branches:
Dungeon (6/15)
 Temple: D:4-7

Altars:
Okawaru


Innate Abilities, Weirdness & Mutations

You are resistant to damage.
You can heal yourself by infusing magical energy.
You passively map a small area around you.
You do not regenerate.


Message History

You hit the orc warrior but do no damage.
The orc warrior is severely wounded.
You slash the orc warrior!
You kill the orc warrior!
You closely miss the adder. You block the adder's attack.
You closely miss the adder. The adder barely misses you.
You block the adder's attack.
You closely miss the adder. You block the adder's attack.
You hit the adder.
The adder is heavily wounded.
The adder barely misses you.
You barely miss the adder.
The adder is heavily wounded.
You are no longer berserk.
You are exhausted.
You feel yourself slow down. You block the adder's attack.
You closely miss the adder.
The adder is heavily wounded.
The adder closely misses you. The adder barely misses you.
You block the adder's attack.
You miss the adder.
The adder is heavily wounded.
You block the adder's attack. The adder bites you.
You slash the adder!
You kill the adder!
Your Short Blades skill increases to level 3!
The hound skeleton barely misses you.
The hound skeleton bites you but does no damage.
You barely miss the hound skeleton. The hound skeleton barely misses you.
The hound skeleton bites you but does no damage. x2
You slash the hound skeleton!
The hound skeleton is heavily damaged.
You block the hound skeleton's attack.
The hound skeleton bites you but does no damage.
Your shield and scale mail prevent you from hitting the hound skeleton.
The hound skeleton is heavily damaged.
The hound skeleton bites you but does no damage.
You block the hound skeleton's attack.
The hound skeleton bites you but does no damage.
You hit the hound skeleton.
The hound skeleton is heavily damaged.
You block the hound skeleton's attack.
The hound skeleton completely misses you.
The hound skeleton misses you.
You barely miss the hound skeleton.
The hound skeleton is heavily damaged.
The hound skeleton barely misses you. The hound skeleton bites you.
You block the hound skeleton's attack.
You barely miss the hound skeleton.
The hound skeleton is heavily damaged.
You block the hound skeleton's attack.
The hound skeleton bites you but does no damage.
You closely miss the hound skeleton.
The hound skeleton is heavily damaged.
The hound skeleton bites you but does no damage. x3
You hit the hound skeleton.
The hound skeleton is severely damaged.
The hound skeleton closely misses you.
The hound skeleton bites you but does no damage. x2
You slash the hound skeleton!
You destroy the hound skeleton!
The adder zombie bites you but does no damage.
You block the adder zombie's attack.
You barely miss the adder zombie. You block the adder zombie's attack. x2
You closely miss the adder zombie.
The adder zombie bites you but does no damage. x2
You slash the adder zombie!
The adder zombie is severely damaged.
The adder zombie bites you.
The adder zombie bites you but does no damage. x2
You hit the adder zombie.
The adder zombie is almost destroyed.
You block the adder zombie's attack. The adder zombie barely misses you.
Your shield and scale mail prevent you from hitting the adder zombie.
The adder zombie is almost destroyed.
You block the adder zombie's attack. x2
You hit the adder zombie.
You destroy the adder zombie!
No target in view!
No target in view!
Found a scroll of teleportation and 21 stones.
Things that are here:
a +0 glaive; a +0 plate armour You feel yourself speed up.
You see here a scroll of teleportation {@r3 !r}.
Autopickup is now on.
l - 3 scrolls of teleportation {@r3 !r} (gained 1)
You recover from your berserk rage.
You see here 21 stones.
Found 16 stones.
e - 2 rations (gained 1)
You now have 35 gold pieces (gained 10).
There is a stone staircase leading down here.
You climb downwards.
A bullfrog, a worker ant, 2 orcs and an ogre come into view.
An orc is wielding a +1 vampiric hand axe.
The worker ant twitches its antennae in your direction.
The orc shouts!
There is a stone staircase leading up here.
Are you sure you want to abandon this character and quit the game? (Confirm with "yes".)

* , * , * *,
oo........# *,
#.........#
#.........# ,
#.........# ,,
###.........##
* *
O............
, *,
*#.......### *
* #..@.......
* ,
#.......### ,
**#...a...#
,F..#.##### *
, , #####.# *
, ,..# , ### *
* * * * , , ,
,,


You could see an ogre, a bullfrog, a worker ant and 2 orcs.

Vanquished Creatures
  An orc warrior (D:5)
  2 ogres (D:4)
  A bullfrog skeleton (D:5)
  A worker ant (D:5)
  A hound skeleton (D:5)
  4 adders
  An adder zombie (D:5)
  A worm (D:2)
  2 dart slugs
  2 leopard geckos
  2 bats
  5 goblins
  A hobgoblin (D:1)
  2 jackals (D:1)
  2 frilled lizards
  6 kobolds
  A rat (D:2)
35 creatures vanquished.

Notes
Turn   | Place    | Note
-------+----------+-------------------------------------------
     0 | D:1      | EnegeticOcto the Deep Dwarf Fighter began the quest for the
                  | Orb.
     0 | D:1      | Reached XP level 1. HP: 20/20 MP: 1/1
    44 | D:1      | Reached XP level 2. HP: 20/27 MP: 2/2
   218 | D:2      | Reached skill level 1 in Stealth
   220 | D:2      | Reached XP level 3. HP: 27/33 MP: 3/3
   273 | D:2      | Reached skill level 1 in Short Blades
   294 | D:4      | Noticed an ogre
   308 | D:4      | Killed an ogre
   308 | D:4      | Reached XP level 4. HP: 34/42 MP: 2/2
   308 | D:4      | Reached XP level 5. HP: 40/49 MP: 3/3
   351 | D:4      | Noticed an ogre
   366 | D:4      | Killed an ogre
   371 | D:5      | Entered Level 5 of the Dungeon
   403 | D:5      | Found an iron altar of Okawaru.
   412 | D:5      | Noticed an orc warrior
   412 | D:5      | Reached XP level 6. HP: 48/57 MP: 4/4
   436 | D:5      | Killed an orc warrior
   499 | D:6      | Quit the game

Levels and vault maps discovered:
D:1:      saegor_arrival_simple_b, layout_basic, minmay_tree_intersection,
          solitary_fountain, chequers_serial_rivers_room_b
D:2:      layout_basic, first_ration, minmay_pentomino_r4
D:3:      layout_loops_ring, uniq_robin
D:4:      layout_loops_ring, grunt_qazlal_clouds, serial_shops, shop_statue,
          cheibrodos_ashenzari_chains
D:5:      layout_cave_pods, serial_bayou, serial_bayou_shore_b,
          serial_bayou_pond_d, serial_bayou_pond_d, serial_bayou_ford_a,
          minmay_ruined_shrine, uniq_pikel, uniq_edmund
D:6:      layout_basic, nicolae_elemental_shop, serial_bayou_lake_a

Skill      XL: |  1  2  3  4  5  6 |
---------------+-------------------+-----
Axes           | 3 |  3.3
Stealth        | 1 2 4 |  4.6
Fighting       | 3 4 |  4.2
Short Blades   | 1 2 3 |  3.0
Armour         | |  3.2
Shields        | |  3.2

Action                   |  1- 3 |  4- 6 || total
-------------------------+-------+-------++-------
Melee: War axe           |    68 |    71 ||   139
 Abil: Heal Wounds       |     5 |     6 ||    11
  Use: Scroll            |       |     2 ||     2
       Potion            |       |     1 ||     1
Armor: Scale mail        |    66 |    26 ||    92
Dodge: Dodged            |    43 |    26 ||    69
Block: Kite shield       |    61 |    45 ||   106

Table legend:
 A = Non-vault XP
 B = Vault XP
 C = Vault XP percentage of total XP
 D = Non-vault monster count
 E = Vault monster count
 F = Vault count percentage of total count
                 A         B        C        D         E       F
            +---------+---------+-------+---------+---------+-------
      Total |     305 |     260 |  46.0 |      26 |       9 |  25.7
            +---------+---------+-------+---------+---------+-------
        D:1 |      28 |       0 |   0.0 |      14 |       0 |   0.0
        D:2 |      30 |      19 |  38.8 |       9 |       3 |  25.0
        D:4 |     247 |       0 |   0.0 |       3 |       0 |   0.0
        D:5 |       0 |     241 | 100.0 |       0 |       6 | 100.0
            +---------+---------+-------+---------+---------+-------
